 Dungeon Crawl Stone Soup version 0.28.0-43-g3370ac3207 (webtiles) character file.

Game seed: 15186096836546824735

269 crimpus the Cudgeller (level 5, -2/45 HPs)
             Began as a Demigod Fighter on Mar 18, 2022.
             Slain by a black bear (5 damage)
             ... on level 3 of the Dungeon.
             The game lasted 00:04:14 (4699 turns).

crimpus the Cudgeller (Demigod Fighter)             Turns: 4699, Time: 00:04:14

Health: -2/45      AC: 11    Str: 21    XL:     5   Next: 69%
Magic:  7/7        EV:  5    Int: 10    God:
Gold:   73         SH:  5    Dex: 13    Spells: 4/4 levels left

rFire   . . .      SeeInvis .   a - +0 flail
rCold   . . .      Faith    .   c - +0 buckler
rNeg    . . .      Spirit   .   e - +0 plate armour
rPois   .          Reflect  .   (no helmet)
rElec   .          Harm     .   (no cloak)
rCorr   .          Rampage  .   (no gloves)
Will    .....                   (no boots)
Stlth   ..........              (no amulet)
HPRegen 0.15/turn               (no ring)
MPRegen 0.10/turn               (no ring)

@: about to teleport
A: high MP 1, forlorn, divine attributes
a: no special abilities


You were on level 3 of the Dungeon.
You visited 1 branch of the dungeon, and saw 4 of its levels.

You collected 73 gold pieces.

Inventory:

Hand Weapons
 a - a +0 flail (weapon)
 j - a +0 short sword
Armour
 b - a +0 scale mail
 c - a +0 buckler (worn)
 e - a +0 plate armour (worn)
Scrolls
 g - 2 scrolls of teleportation
 i - a scroll of noise
 k - a scroll of amnesia {unknown}
 l - a scroll of immolation {unknown}
Potions
 d - a potion of might
 f - a potion of berserk rage {unknown}
 h - a potion of flight
 m - a potion of mutation {unknown}
 n - a potion of curing {unknown}


   Skills:
 + Level 3.4 Fighting
 + Level 4.0 Maces & Flails
 + Level 3.7 Armour
 + Level 3.4 Shields


You had 4 spell levels left.
You didn't know any spells.
Your spell library was empty.

Dungeon Overview and Level Annotations

Branches:
Dungeon (4/15)
 Temple: D:4-7


Innate Abilities, Weirdness & Mutations

You have an increased reservoir of magic. (+10% MP)
You shall have no god before yourself.
Your divine heritage dramatically boosts your attributes as you level up.


Message History

You block the black bear's attack. x2
There is a stone staircase leading up here.
The black bear barely misses you.
The black bear claws you but does no damage. x2
The black bear bites you but does no damage.
The black bear claws you but does no damage. x2
You climb upwards.
There is a stone staircase leading down here.
You hit the black bear.
The black bear is almost dead.
The black bear bites you.
The black bear claws you but does no damage.
The black bear barely misses you.
The black bear bites you but does no damage.
You block the black bear's attack. x2
You barely miss the black bear.
The black bear is almost dead.
The black bear barely misses you. You block the black bear's attack.
The black bear claws you but does no damage.
You hit the black bear but do no damage.
The black bear is almost dead.
The black bear bites you but does no damage.
The black bear barely misses you.
The black bear claws you but does no damage.
The black bear bites you but does no damage.
The black bear claws you but does no damage. x2
You barely miss the black bear.
The black bear is almost dead.
You block the black bear's attack.
The black bear claws you but does no damage. x2
The black bear bites you! The black bear claws you.
* * * LOW HITPOINT WARNING * * *
The black bear claws you but does no damage.
A black bear is nearby!
As you read the scroll of teleportation, it crumbles to dust.
You feel strangely unstable. You block the black bear's attack.
The black bear claws you.
* * * LOW HITPOINT WARNING * * *
The black bear claws you.
You die...

## ####### #.
#.....# #.
#.###.#############
##. ..#
#).)......>.@h# #†.
#.###.†..<..#####.#
#.. #........##.#
#.# #..
###.#...###.# #.#
#.. #.##..# #.# #.#
#.# #.....# #.#
##.## #.# #.##.##
#.# ##...### ###.#
#.##+## #.#
#......# ##..[#
#.#...###.#
##...#.# #.##..


You could see a black bear (berserk).

Vanquished Creatures
  An orc priest (D:3)
  3 orc wizards (D:3)
  3 gnolls (D:2)
  4 adders (D:3)
  A worm (D:2)
  A dart slug (D:1)
  9 orcs (D:3)
  8 ball pythons
  6 bats
  11 endoplasms
  A giant cockroach (D:2)
  7 hobgoblins
  15 jackals
  5 quokkas
  5 frilled lizards
  5 goblins
  5 kobolds
  5 rats
95 creatures vanquished.

Vanquished Creatures (others)
  A plant (D:2)
1 creature vanquished.

Grand Total: 96 creatures vanquished

Notes
Turn   | Place    | Note
-------+----------+-------------------------------------------
     0 | D:1      | crimpus the Demigod Fighter began the quest for the Orb.
     0 | D:1      | Reached XP level 1. HP: 18/18 MP: 3/3
   311 | D:1      | Reached XP level 2. HP: 15/25 MP: 4/4
   599 | D:1      | Reached skill level 2 in Maces & Flails
  1069 | D:1      | Reached XP level 3. HP: 29/31 MP: 5/5
  2401 | D:2      | Reached skill level 3 in Maces & Flails
  2401 | D:2      | Reached XP level 4. HP: 25/38 MP: 6/6
  3435 | D:3      | Reached XP level 5. HP: 31/45 MP: 7/7
  4199 | D:3      | Reached skill level 4 in Maces & Flails
  4677 | D:4      | Noticed a black bear
  4682 | D:4      | Noticed a black bear
  4699 | D:3      | Slain by a black bear

Illustrated notes

Levels and vault maps discovered:
D:1:      dpeg_arrival_rhombi, layout_basic
D:2:      layout_basic, serial_forest, infiniplex_forest_diagonal,
          infiniplex_forest_corner_2, infiniplex_forest_clump_C,
          infiniplex_forest_lined_4_way, basic_ecumenical_altar,
          minmay_tromino_v4_c
D:3:      layout_loops_corners
D:4:      layout_basic, nrook_mini_vaults, wad_orctagon

Skill      XL: |  1  2  3  4  5 |
---------------+----------------+-----
Maces & Flails | 2 3 4 |  4.0
Armour         | 3 |  3.7
Fighting       | 3 |  3.4
Shields        | 3 |  3.4

Action                   |  1- 3 |  4- 6 || total
-------------------------+-------+-------++-------
Melee: Flail             |   151 |   186 ||   337
  Use: Scroll            |       |     7 ||     7
Armor: Plate armour      |   173 |   201 ||   374
Dodge: Dodged            |    40 |    50 ||    90
Block: Buckler           |    49 |    55 ||   104
